 Dungeon Crawl Stone Soup version 0.22-a0-305-gd21a89c (webtiles) character file.

210 xccam the Chopper (level 5, -2/41 HPs)
             Began as a Mummy Monk on Mar 29, 2018.
             Killed from afar by an orc wizard (6 damage)
             ... with a puff of flame
             ... on level 4 of the Dungeon.
             The game lasted 00:03:15 (2969 turns).

xccam the Chopper (Mummy Monk)                      Turns: 2969, Time: 00:03:16

Health: -2/41      AC:  2    Str: 15    XL:     5   Next: 57%
Magic:  5/5        EV: 13    Int: 10    God:
Gold:   122        SH:  0    Dex: 14    Spells: 4/4 levels left

rFire    x . .     SeeInvis .   a - +0 hand axe
rCold    + . .     Gourm    .   (no shield)
rNeg     + + +     Faith    .   b - +0 robe
rPois    ∞         Spirit   .   (no helmet)
rElec    .         Reflect  .   (no cloak)
rCorr    .         Harm     .   (no gloves)
MR       .....                  (no boots)
Stlth    +.........             (no amulet)
HPRegen  0.13/turn              (no ring)
MPRegen  0.09/turn              (no ring)

@: confused
A: no food or potions, fire vulnerability, cold resistance 1, negative energy
resistance 3, torment resistance, unbreathing
a: no special abilities


You were on level 4 of the Dungeon.
You were not hungry.

You visited 1 branch of the dungeon, and saw 4 of its levels.

You collected 122 gold pieces.

Inventory:

Hand Weapons
 a - a +0 hand axe (weapon)
Armour
 b - a +0 robe (worn)
Jewellery
 e - an uncursed ring of resist corrosion {unknown}
Scrolls
 c - 3 scrolls of remove curse {unknown}
 d - 3 scrolls of teleportation {unknown}
 f - a scroll of enchant armour {unknown}
 g - a scroll of identify {unknown}
 h - a scroll of enchant weapon {unknown}


   Skills:
 - Level 3.0 Fighting
 + Level 5.3 Axes
 - Level 2.4 Dodging
 - Level 1.5 Stealth


You had 4 spell levels left.
You didn't know any spells.

Dungeon Overview and Level Annotations

Branches:
Dungeon (4/15)
 Temple: D:4-7

Altars:
Dithmenos
Gozag
Trog
The Shining One


Innate Abilities, Weirdness & Mutations

You do not eat or drink.
Your flesh is vulnerable to fire.
You are immune to poison.
Your flesh is cold resistant. (rC+)
You are immune to negative energy. (rN+++)
You are immune to unholy pain and torment.
You can survive without breathing.


Message History

The orc wizard barely misses you.
You hit the orc wizard.
The orc wizard is severely wounded.
The orc wizard points at you and mumbles some strange words.
The puff of flame hits you! The fire burns you terribly!
* * * LOW HITPOINT WARNING * * *
You closely miss the orc wizard.
The orc wizard is severely wounded.
The orc wizard gestures wildly while chanting.
The orc wizard flickers and vanishes!
You closely miss something. Something hits you but does no damage.
You barely miss something.
You hear some strange, mumbled words.
You are confused.
You can't drink.
You hit the worm but do no damage. You miss something.
You hear some strange, mumbled words.
A puff of flame appears from out of thin air!
The puff of flame hits you! The fire burns you terribly!
You die...

.# .####.
###.#....
#........
########........
#....#).....>...
#......#........
#....<.{@w......
#....#########..
#.... #####


You could see a worm.

Vanquished Creatures
  An orc priest (D:4)
  2 orc wizards (D:3)
  A worker ant (D:3)
  7 adders
  An ooze (D:3)
  A worm (D:2)
  6 orcs (D:3)
  4 giant cockroaches
  4 goblins
  5 hobgoblins
  4 jackals (D:3)
  2 kobolds
  A quokka (D:3)
  6 frilled lizards
  3 rats
48 creatures vanquished.

Notes
Turn   | Place    | Note
-------+----------+-------------------------------------------
     0 | D:1      | xccam the Mummy Monk began the quest for the Orb.
     0 | D:1      | Reached XP level 1. HP: 18/18 MP: 1/1
   164 | D:1      | Reached XP level 2. HP: 17/24 MP: 2/2
   318 | D:1      | Reached skill level 3 in Axes
   604 | D:2      | Reached XP level 3. HP: 19/29 MP: 3/3
  1015 | D:2      | Found a shadowy altar of Dithmenos.
  1017 | D:2      | Found a bloodstained altar of Trog.
  1019 | D:2      | Found a glowing golden altar of the Shining One.
  1678 | D:3      | Reached skill level 4 in Axes
  1678 | D:3      | Reached XP level 4. HP: 34/35 MP: 4/4
  2228 | D:3      | Reached XP level 5. HP: 33/41 MP: 5/5
  2355 | D:3      | Found an opulent altar of Gozag.
  2643 | D:3      | Reached skill level 5 in Axes
  2969 | D:4      | Killed from afar by an orc wizard

Vault maps used:
D:1:      lightli_arrival_lavapool
D:2:      grunt_temple_overflow_open
D:3:      lemuel_crystal_altar
D:4:      lemuel_round_altar, yredelemnul_forgotten_temple_becter,
          minmay_goblin_kobold_house, uniq_eustachio, uniq_edmund

Skill      XL: |  1  2  3  4  5 |
---------------+----------------+-----
Axes           | 3 4 5 |  5.3
Fighting       | |  3.0
Dodging        | |  2.4
Stealth        | |  1.5

Action                   |  1- 3 |  4- 6 || total
-------------------------+-------+-------++-------
Melee: Hand axe          |    98 |   108 ||   206
 Stab: Sleeping          |     1 |     2 ||     3
Armor: Robe              |    15 |    19 ||    34
Dodge: Dodged            |    66 |    87 ||   153

Table legend:
 A = Spawn XP
 B = Non-spawn XP
 C = Spawn XP percentage of total XP
 D = Spawn monster count
 E = Non-spawn monster count
 F = Spawn count percentage of total count
 G = Total turns spent on level
                    A         B        C        D         E        F      G
               +---------+---------+-------+---------+---------+-------+---------
         Total |       0 |     301 |   0.0 |       0 |      48 |   0.0 |  2969
               +---------+---------+-------+---------+---------+-------+---------
           D:1 |       0 |      14 |   0.0 |       0 |       8 |   0.0 |   403
           D:2 |       0 |      68 |   0.0 |       0 |      13 |   0.0 |  1222
           D:3 |       0 |     178 |   0.0 |       0 |      26 |   0.0 |  1318
           D:4 |       0 |      41 |   0.0 |       0 |       1 |   0.0 |    26
               +---------+---------+-------+---------+---------+-------+---------
